[Event "Titled Tuesday Blitz October 12 2021"]
[White "Pichot, Alan"]
[Black "Sadovsky, Artem"]
[WhiteFideId "110973"]
[BlackFideId "4155840"]
[WhiteElo "2600"]
[BlackElo "2370"]
[Result "1-0"]
[Round "03"]
[TimeControl "180+1"]
[Date "2021.10.12"]
[WhiteClock "0:00:59"]
[BlackClock "0:00:02"]

1. e4 g6 2. d4 Bg7 3. Nc3 c6 4. f4 d5 5. e5 h5 6. Nf3 Nh6 7. Be2 Bg4 8. Be3 Nf5 9. Bf2 e6 10. O-O Bf8 11. Nb1 Qb6 12. b3 c5 13. c3 Nc6 14. Nbd2 cxd4 15. cxd4 Ba3 16. h3 Bxf3 17. Nxf3 h4 18. Bd3 Rc8 19. Bxf5 gxf5 20. Rb1 Nb4 21. Bxh4 Nxa2 22. Be1 Nc3 23. Qc2 Rc6 24. Ra1 Bb4 25. Qd3 a6 26. Rc1 Ne2+ 27. Qxe2 Rxc1 28. Bh4 Rxf1+ 29. Qxf1 Rxh4 30. Nxh4 Qxd4+ 31. Kh2 Bd2 32. g3 Qb2 33. Ng2 Qxb3 34. h4 Kf8 35. Qe2 Bb4 36. Qh5 Ke7 37. Qg5+ Kd7 38. h5 Be7 39. Qg7 Qf3 40. Qxf7 1-0


[Site "https://www.chess.com"]

[Event "Titled Tuesday Blitz October 12 2021"]
[White "Rasulov, Vugar"]
[Black "Taboas Rodriguez, Daniel"]
[WhiteFideId "13402390"]
[BlackFideId "2208466"]
[WhiteElo "2560"]
[BlackElo "2429"]
[Result "1-0"]
[Round "03"]
[TimeControl "180+1"]
[Date "2021.10.12"]
[WhiteClock "0:01:32"]
[BlackClock "0:00:22"]

1. d4 Nf6 2. c4 g6 3. Nf3 Bg7 4. g3 b6 5. Bg2 Bb7 6. O-O O-O 7. d5 Na6 8. Nc3 Nc5 9. Nd4 e5 10. Nc2 a5 11. d6 Bxg2 12. Kxg2 c6 13. b3 Nfe4 14. Nxe4 Nxe4 15. Bb2 f5 16. f3 Nc5 17. Qd2 Qf6 18. Rad1 Rae8 19. Ne1 Qe6 20. Qc2 e4 21. Bxg7 Kxg7 22. Rd2 Rf6 23. a3 Qe5 24. b4 axb4 25. axb4 Nb7 26. f4 Qe6 27. c5 Ra8 28. Qc3 e3 29. Rd3 Ra2 30. Nc2 Qe4+ 31. Rf3 Kf7 32. Kh3 bxc5 33. bxc5 Ra5 34. Rdxe3 Rxc5 35. Rxe4 Rxc3 36. Re7+ Kf8 37. Rxc3 Nxd6 38. Rxd7 1-0


[Site "https://www.chess.com"]

[Event "Titled Tuesday Blitz October 12 2021"]
[White "Rozman, Levy"]
[Black "Terry, Renato"]
[WhiteFideId "2039877"]
[BlackFideId "3803457"]
[WhiteElo "2376"]
[BlackElo "2577"]
[Result "0-1"]
[Round "03"]
[TimeControl "180+1"]
[Date "2021.10.12"]
[WhiteClock "0:00:07"]
[BlackClock "0:00:27"]

1. d4 e6 2. Bf4 Nf6 3. Nc3 Bb4 4. e3 Nd5 5. Ne2 Nxf4 6. Nxf4 O-O 7. Bd3 d5 8. Qh5 g6 9. Qh6 Re8 10. h4 Bf8 11. Qg5 Qxg5 12. hxg5 Be7 13. Nh3 c5 14. dxc5 Bxc5 15. O-O-O Nc6 16. Nf4 Be7 17. Nh3 Bd7 18. a3 Rac8 19. Kb1 Ne5 20. Bb5 Bc6 21. Rd4 a6 22. Be2 b5 23. Rh4 Kg7 24. f4 Nc4 25. Bxc4 dxc4 26. Nf2 Rh8 27. Ng4 Bxg2 28. R1h2 Bb7 29. Ne5 f6 30. gxf6+ Bxf6 31. Rg4 Rcd8 32. Ne2 Bxe5 33. fxe5 Bf3 34. Rf4 Bxe2 35. Rxe2 Rhf8 36. Rh4 h5 37. Rg2 Kh6 38. a4 Rf1+ 39. Ka2 Rdd1 40. b3 c3 41. Ka3 a5 0-1


[Site "https://www.chess.com"]

[Event "Titled Tuesday Blitz October 12 2021"]
[White "Shipov, Sergei"]
[Black "Sokolovsky, Yahli"]
[WhiteFideId "4113624"]
[BlackFideId "2820242"]
[WhiteElo "2830"]
[BlackElo "1770"]
[Result "1-0"]
[Round "03"]
[TimeControl "180+1"]
[Date "2021.10.12"]
[WhiteClock "0:00:58"]
[BlackClock "0:00:12"]

1. d4 d6 2. Nf3 g6 3. c4 Bg7 4. Nc3 Nf6 5. e4 O-O 6. Be2 c5 7. O-O cxd4 8. Nxd4 Nc6 9. Nc2 b6 10. Bg5 h6 11. Bh4 Bb7 12. Qd2 Kh7 13. Rad1 Rc8 14. f3 Ne5 15. Ne3 Qc7 16. Rfe1 Qc5 17. Bf2 Qc7 18. Ncd5 Nxd5 19. cxd5 Nd7 20. Rc1 Qb8 21. Bb5 Nf6 22. b4 Rxc1 23. Rxc1 Rc8 24. Bc6 b5 25. Rc2 a6 26. Qc1 Rc7 27. Bxb7 Rxc2 28. Nxc2 Qxb7 29. Nd4 Nd7 30. Qc6 Qxc6 31. dxc6 Nb6 32. Nxb5 Nc8 33. Na7 1-0


[Site "https://www.chess.com"]

[Event "Titled Tuesday Blitz October 12 2021"]
[White "Smirnov, Pavel"]
[Black "Shuvalov, Evgenij"]
[WhiteFideId "4123425"]
[BlackFideId "4187237"]
[WhiteElo "2571"]
[BlackElo "2129"]
[Result "0-1"]
[Round "03"]
[TimeControl "180+1"]
[Date "2021.10.12"]
[WhiteClock "0:00:03"]
[BlackClock "0:00:09"]

1. d4 Nf6 2. c4 g6 3. Nf3 Bg7 4. g3 c6 5. Bg2 d5 6. b3 O-O 7. O-O a5 8. Nc3 Ne4 9. Bb2 Nxc3 10. Bxc3 a4 11. cxd5 cxd5 12. bxa4 Bd7 13. a5 Nc6 14. Ne5 Be8 15. Qb3 e6 16. Qxb7 Nxa5 17. Qb2 f6 18. Nd3 Nc4 19. Qc1 Bf7 20. Nc5 Qd6 21. a4 Rfc8 22. a5 e5 23. e3 f5 24. Qc2 f4 25. Rfb1 fxe3 26. Nb7 Qd7 27. dxe5 exf2+ 28. Qxf2 Nxe5 29. Bd4 Ng4 30. Qf4 Bh6 31. Qd6 Qf5 32. Rf1 Qd3 33. Qb6 Ra6 34. Qxa6 Qxa6 35. Rab1 Qd3 0-1


[Site "https://www.chess.com"]

[Event "Titled Tuesday Blitz October 12 2021"]
[White "Solon, Nathan"]
[Black "Yilmaz, Mustafa"]
[WhiteFideId "2017229"]
[BlackFideId "6302718"]
[WhiteElo "2669"]
[BlackElo "2518"]
[Result "0-1"]
[Round "03"]
[TimeControl "180+1"]
[Date "2021.10.12"]
[WhiteClock "0:00:12"]
[BlackClock "0:01:02"]

1. d4 d5 2. c4 c6 3. Nf3 Nf6 4. g3 Bg4 5. Ne5 Bf5 6. Qb3 Bc8 7. Nc3 e6 8. Bg2 Be7 9. O-O O-O 10. Bf4 Nh5 11. Bd2 Nf6 12. Rad1 b6 13. e4 Ba6 14. Rfe1 dxc4 15. Nxc4 Qxd4 16. Ne3 Nbd7 17. Bc1 Qe5 18. f4 Qh5 19. e5 Nd5 20. Ne4 Nc5 21. Qa3 Be2 22. Nxd5 cxd5 23. Rd2 Nxe4 24. Qxe7 Nxd2 25. Bxd2 Bf3 26. Bf1 Rfc8 27. Bc3 Qf5 28. Ba6 Qc2 29. Bf1 h6 30. Re3 Be4 31. Re2 Qd1 32. Re1 Qf3 33. Rxe4 dxe4 0-1


[Site "https://www.chess.com"]

[Event "Titled Tuesday Blitz October 12 2021"]
[White "Solovchuk, Oleksiy"]
[Black "Indjic, Aleksandar"]
[WhiteFideId "14115220"]
[BlackFideId "911925"]
[WhiteElo "2336"]
[BlackElo "2643"]
[Result "0-1"]
[Round "03"]
[TimeControl "180+1"]
[Date "2021.10.12"]
[WhiteClock "0:00:16"]
[BlackClock "0:01:03"]

1. d4 Nf6 2. Nf3 c5 3. e3 g6 4. c3 Bg7 5. dxc5 O-O 6. b4 a5 7. Bb2 b6 8. Be2 bxc5 9. b5 Ne4 10. a4 d5 11. O-O c4 12. Nfd2 Nc5 13. e4 e6 14. Bf3 Bb7 15. Ba3 Nbd7 16. Qe2 Qc7 17. Qe3 Rfe8 18. Ra2 Nxa4 19. Re1 Nab6 20. exd5 Bxd5 21. Ne4 Ne5 22. Bd6 Nxf3+ 23. gxf3 Qd8 24. Nbd2 Nd7 25. Rea1 h6 26. Ng3 f5 27. f4 e5 28. b6 exf4 29. Qxf4 Qxb6 30. Bc7 Qc6 31. Rxa5 Rxa5 32. Rxa5 Bf7 33. Nf3 g5 34. Qd6 Qxd6 35. Bxd6 Bxc3 36. Rxf5 Bb2 37. Rb5 c3 38. Nd4 Bc4 39. Rb7 Re1+ 40. Kg2 Bd5+ 41. Kh3 Bxb7 0-1


[Site "https://www.chess.com"]

[Event "Titled Tuesday Blitz October 12 2021"]
[White "Tabatabaei, M. Amin"]
[Black "Carnicelli, Valerio"]
[WhiteFideId "12521213"]
[BlackFideId "856185"]
[WhiteElo "2555"]
[BlackElo "2332"]
[Result "1-0"]
[Round "03"]
[TimeControl "180+1"]
[Date "2021.10.12"]
[WhiteClock "0:00:20"]
[BlackClock "0:00:03"]

1. b3 d5 2. Bb2 Bg4 3. f3 Bf5 4. e4 dxe4 5. Nc3 Nf6 6. Qe2 Nc6 7. Nxe4 Nxe4 8. fxe4 Bg6 9. Nf3 e6 10. O-O-O a5 11. a4 f6 12. d4 Qc8 13. g4 Be7 14. h4 Bf7 15. g5 Bh5 16. Qe3 O-O 17. Bc4 Kh8 18. Rdf1 Bxf3 19. Rxf3 e5 20. gxf6 Bxf6 21. Rxf6 Rxf6 22. dxe5 Re6 23. Qg3 Qd7 24. h5 h6 25. Bxe6 Qxe6 26. Rg1 Rg8 27. Qg6 Nd8 28. Rd1 Re8 29. Qf5 Nc6 30. Rd7 Qxf5 31. exf5 Nxe5 32. Rxc7 Nf3 33. Bxg7+ Kg8 34. f6 Re1+ 35. Kb2 Ng5 36. Bxh6 Nf7 37. Bg7 Rh1 38. h6 Nxh6 39. Rc8+ Kh7 40. Rh8+ 1-0


[Site "https://www.chess.com"]

[Event "Titled Tuesday Blitz October 12 2021"]
[White "Tang, Andrew"]
[Black "De Silva, L M S T"]
[WhiteFideId "2059630"]
[BlackFideId "9953698"]
[WhiteElo "2588"]
[BlackElo "1621"]
[Result "1-0"]
[Round "03"]
[TimeControl "180+1"]
[Date "2021.10.12"]
[WhiteClock "0:02:06"]
[BlackClock "0:02:04"]

1. d4 Nf6 2. c4 e6 3. Nc3 Bb4 4. Qc2 d6 5. Nf3 O-O 6. g3 Nc6 7. Bg2 e5 8. d5 Ne7 9. O-O Bxc3 10. Qxc3 Ng6 11. b4 Ne4 12. Qe3 f5 13. Bb2 Nf6 14. Ng5 f4 15. Qd3 Qe7 16. c5 Kh8 17. Rac1 Nxd5 18. Nxh7 Kxh7 19. Qxd5 Be6 20. Qxb7 Rab8 21. cxd6 Qxd6 22. Qxc7 Qxc7 23. Rxc7 Rxb4 24. Ba3 1-0


[Site "https://www.chess.com"]

[Event "Titled Tuesday Blitz October 12 2021"]
[White "Viani Antonio Dcunha"]
[Black "Lazavik, Denis"]
[WhiteFideId "5027330"]
[BlackFideId "13515110"]
[WhiteElo "2366"]
[BlackElo "2436"]
[Result "0-1"]
[Round "03"]
[TimeControl "180+1"]
[Date "2021.10.12"]
[WhiteClock "0:01:04"]
[BlackClock "0:02:01"]

1. e4 e5 2. Nf3 Nc6 3. Bc4 Bc5 4. c3 Nf6 5. d4 exd4 6. e5 d5 7. Bb5 Ne4 8. cxd4 Bb6 9. Nc3 O-O 10. Be3 Bg4 11. h3 Bh5 12. Qc2 f5 13. Nxd5 Ba5+ 14. Kf1 Bxf3 15. gxf3 Nxd4 16. Bxd4 Nd2+ 17. Ke2 Qxd5 18. Qd3 Rad8 19. Be3 Qxe5 20. Qa3 Qxb5+ 0-1


[Site "https://www.chess.com"]

[Event "Titled Tuesday Blitz October 12 2021"]
[White "Vokhidov, Shamsiddin"]
[Black "Jaracz, Pawel"]
[WhiteFideId "14204223"]
[BlackFideId "1102222"]
[WhiteElo "2616"]
[BlackElo "2495"]
[Result "1-0"]
[Round "03"]
[TimeControl "180+1"]
[Date "2021.10.12"]
[WhiteClock "0:01:52"]
[BlackClock "0:00:21"]

1. e4 e5 2. Nf3 Nc6 3. Bb5 a6 4. Ba4 Nf6 5. O-O Be7 6. d3 d6 7. c3 O-O 8. Re1 Nb8 9. Nbd2 Nbd7 10. d4 b5 11. Bc2 Bb7 12. Nf1 Re8 13. a4 Bf8 14. Ng3 g6 15. Bd3 c6 16. b4 Nb6 17. a5 Nbd7 18. Be3 c5 19. d5 Rc8 20. Qd2 Ng4 21. Bg5 Be7 22. h3 Bxg5 23. Nxg5 Ngf6 24. Nf3 Kg7 25. Nh4 Ng8 26. Nhf5+ gxf5 27. Nxf5+ Kh8 28. Nxd6 Qc7 29. Nxf7+ Kg7 30. Ng5 Nf8 31. Re3 h6 32. Nf3 Ng6 33. Nh2 cxb4 34. cxb4 Qc3 35. Qd1 Qd4 36. Rg3 Nf6 37. Nf3 Qxb4 38. Nh4 Kh7 39. Rxg6 Rf8 40. Rc1 Qb2 41. Rxc8 Rxc8 42. Qf3 Qc1+ 43. Kh2 1-0


[Site "https://www.chess.com"]

[Event "Titled Tuesday Blitz October 12 2021"]
[White "Wagner, Dennis"]
[Black "Mortazavi, Ali"]
[WhiteFideId "24650684"]
[BlackFideId "401323"]
[WhiteElo "2355"]
[BlackElo "2339"]
[Result "1-0"]
[Round "03"]
[TimeControl "180+1"]
[Date "2021.10.12"]
[WhiteClock "0:00:14"]
[BlackClock "0:00:01"]

1. e4 c6 2. d4 d5 3. e5 Bf5 4. Nf3 e6 5. Be2 Ne7 6. c3 Ng6 7. O-O Nd7 8. Ne1 h5 9. a4 h4 10. h3 Be7 11. Na3 f6 12. f4 fxe5 13. fxe5 O-O 14. Nac2 Bg5 15. Bg4 Bxg4 16. Qxg4 Rxf1+ 17. Kxf1 Bxc1 18. Qxe6+ Kh7 19. Rxc1 Qg5 20. Rd1 Rf8+ 21. Nf3 Nb6 22. b3 Qf4 23. Ne1 Rf5 24. Nd3 Qe4 25. Nf2 Qc2 26. Rd2 Qb1+ 27. Rd1 Qc2 28. Kg1 Nf4 29. Qe8 Ne2+ 30. Kh2 Ng3 31. Rd2 Qc1 32. Rd1 Qf4 33. Nd3 Qh6 34. a5 Nc4 35. bxc4 dxc4 36. Nc5 Qf4 37. Ne6 1-0


[Site "https://www.chess.com"]

[Event "Titled Tuesday Blitz October 12 2021"]
[White "Zhigalko, Sergei"]
[Black "Karpeshov, Oleg"]
[WhiteFideId "13502956"]
[BlackFideId "4106814"]
[WhiteElo "2662"]
[BlackElo "2354"]
[Result "0-1"]
[Round "03"]
[TimeControl "180+1"]
[Date "2021.10.12"]
[WhiteClock "0:00:01"]
[BlackClock "0:01:19"]

1. e4 e6 2. d4 d5 3. e5 c5 4. c3 Nc6 5. Nf3 Qb6 6. a3 f6 7. Bd3 c4 8. Bc2 fxe5 9. dxe5 Nh6 10. O-O Nf7 11. Qe2 g6 12. Re1 Bg7 13. Ba4 O-O 14. Bxc6 bxc6 15. Nbd2 c5 16. h4 Bd7 17. h5 gxh5 18. Nf1 Nh6 19. Ng3 Be8 20. Ng5 Ng4 21. Nf3 Bg6 22. Bg5 Rf7 23. Qd2 Raf8 24. Re2 Rxf3 25. gxf3 Nxe5 26. Rxe5 Bxe5 27. Kg2 Bg7 28. Rh1 d4 29. Nxh5 Qc6 30. Qe2 Rf5 31. Be7 Bxh5 0-1


[Site "https://www.chess.com"]

[Event "Titled Tuesday Blitz October 12 2021"]
[White "Aggelis, Nikolaos"]
[Black "Warmerdam, Max"]
[WhiteFideId "4213220"]
[BlackFideId "1048104"]
[WhiteElo "2154"]
[BlackElo "2537"]
[Result "0-1"]
[Round "04"]
[TimeControl "180+1"]
[Date "2021.10.12"]
[WhiteClock "0:00:15"]
[BlackClock "0:00:46"]

1. d4 d5 2. g3 c5 3. Nf3 cxd4 4. Nxd4 e5 5. Nb3 Be6 6. Bg2 Nf6 7. O-O Nbd7 8. e4 Nxe4 9. c4 dxc4 10. Bxe4 cxb3 11. axb3 Nc5 12. Qe2 Nxe4 13. Qxe4 Qd5 14. Qa4+ b5 15. Qa5 Bh3 16. f3 Bxf1 17. Kxf1 Qxf3+ 18. Ke1 Qh1+ 19. Ke2 Qxh2+ 20. Kf3 e4+ 21. Kxe4 Qe2+ 22. Be3 f5+ 23. Kxf5 Rd8 24. Nc3 Qxe3 25. Qxb5+ Rd7 26. Rd1 g6+ 27. Kg4 Qe6+ 28. Kf3 Be7 29. Qb8+ Bd8 30. Ne4 O-O 31. Ke3 Rxd1 0-1


[Site "https://www.chess.com"]

[Event "Titled Tuesday Blitz October 12 2021"]
[White "Babazada, Khazar"]
[Black "Kim, Sergey"]
[WhiteFideId "13413554"]
[BlackFideId "13700570"]
[WhiteElo "2302"]
[BlackElo "2527"]
[Result "1-0"]
[Round "04"]
[TimeControl "180+1"]
[Date "2021.10.12"]
[WhiteClock "0:00:48"]
[BlackClock "0:00:01"]

1. Nf3 Nf6 2. c4 g6 3. b3 Bg7 4. Bb2 O-O 5. e3 d6 6. Be2 e5 7. d4 e4 8. Nfd2 Re8 9. Nc3 c6 10. Qc2 Qe7 11. O-O-O h5 12. a3 Nbd7 13. b4 Nf8 14. Nb3 Bf5 15. Kb1 N8h7 16. h4 Ng4 17. Bxg4 Bxg4 18. Rd2 Nf6 19. d5 Rac8 20. dxc6 Rxc6 21. Na5 Rc7 22. Nb5 Rd7 23. Bd4 a6 24. Nc3 Rc8 25. Qb2 Qe6 26. Nd5 Ne8 27. Bxg7 Nxg7 28. Nf6+ Kh8 29. Nxd7 Qxd7 30. Rhd1 Kh7 31. Rxd6 Qf5 32. R1d2 Ne8 33. R6d5 Qe6 34. Nxb7 Qe7 35. Nc5 Qxh4 36. Nd7 Bxd7 37. Rxd7 Kg8 38. Qe5 Nf6 39. Rd8+ Rxd8 40. Rxd8+ Kg7 41. Rd6 Qxf2 42. b5 Qf1+ 43. Kb2 axb5 44. c5 Qxg2+ 45. Kb3 Qf3 46. Qd4 h4 47. c6 h3 48. c7 h2 49. c8=Q h1=Q 50. Qc2 1-0


[Site "https://www.chess.com"]

[Event "Titled Tuesday Blitz October 12 2021"]
[White "Bluebaum, Matthias"]
[Black "Stoleriu, George"]
[WhiteFideId "24651516"]
[BlackFideId "1227505"]
[WhiteElo "2681"]
[BlackElo "2199"]
[Result "1-0"]
[Round "04"]
[TimeControl "180+1"]
[Date "2021.10.12"]
[WhiteClock "0:01:41"]
[BlackClock "0:00:05"]

1. d4 e6 2. Nf3 Nf6 3. Bf4 b6 4. e3 Bb7 5. Bd3 d6 6. h3 Nbd7 7. Bh2 g6 8. c4 Bg7 9. Nc3 O-O 10. O-O Qe7 11. e4 e5 12. Re1 exd4 13. Nxd4 Nc5 14. Bc2 Rfe8 15. f3 Nh5 16. Qd2 Qh4 17. Ndb5 Re7 18. Re2 a6 19. Nd4 Ng3 20. Ree1 Nh5 21. Rad1 Rae8 22. Qf2 Qxf2+ 23. Kxf2 f5 24. g4 fxg4 25. hxg4 Nf6 26. b4 Ncd7 27. Bb3 Kh8 28. Nd5 Bxd5 29. cxd5 Ne5 30. Kg2 Rf7 31. Ne6 Nxf3 32. Kxf3 Nxd5+ 33. Kg2 Rxe6 34. Bxd5 1-0


[Site "https://www.chess.com"]

[Event "Titled Tuesday Blitz October 12 2021"]
[White "Bortnyk, Olexandr"]
[Black "Cabarkapa, Novak"]
[WhiteFideId "14120828"]
[BlackFideId "943746"]
[WhiteElo "2723"]
[BlackElo "2469"]
[Result "1-0"]
[Round "04"]
[TimeControl "180+1"]
[Date "2021.10.12"]
[WhiteClock "0:00:35"]
[BlackClock "0:00:18"]

1. e4 e6 2. d4 d5 3. Nc3 Nf6 4. Bg5 dxe4 5. Nxe4 Be7 6. Bxf6 gxf6 7. Nf3 f5 8. Nc3 a6 9. Qd3 Nc6 10. a3 Qd6 11. O-O-O Bd7 12. Qe3 Bf6 13. d5 Ne7 14. dxe6 Qxe6 15. Qxe6 fxe6 16. Bc4 Nc6 17. Rhe1 Bxc3 18. bxc3 Ke7 19. Ng5 Nd8 20. Rd3 b5 21. Bxe6 Nxe6 22. Nxe6 Bxe6 23. Rde3 Kd7 24. Rxe6 Rhg8 25. Re7+ Kc6 26. R1e6+ Kd5 27. g3 c5 28. Re5+ Kd6 29. R7e6+ Kd7 30. Rh6 f4 31. Rxc5 fxg3 32. hxg3 Rg7 33. Rch5 Rf8 34. Rxa6 Rxf2 35. Ra7+ Kc6 36. Rxg7 b4 37. axb4 h6 38. Rg6+ Kd7 39. Rhxh6 Ke7 40. Rh7+ Kf8 41. Ra6 Re2 42. Ra8+ Re8 43. Rxe8+ Kxe8 44. b5 Kd8 45. b6 Kc8 46. Rc7+ Kb8 47. g4 Ka8 48. g5 Kb8 49. g6 Ka8 50. g7 Kb8 51. g8=Q# 1-0


[Site "https://www.chess.com"]

[Event "Titled Tuesday Blitz October 12 2021"]
[White "Budrewicz, Krzysztof"]
[Black "Moskalenko, Alexander"]
[WhiteFideId "1127950"]
[BlackFideId "4155351"]
[WhiteElo "2242"]
[BlackElo "2515"]
[Result "0-1"]
[Round "04"]
[TimeControl "180+1"]
[Date "2021.10.12"]
[WhiteClock "0:00:48"]
[BlackClock "0:01:06"]

1. d4 Nf6 2. c4 e6 3. Nf3 b6 4. g3 Bb7 5. Bg2 Be7 6. O-O O-O 7. d5 exd5 8. Nh4 c6 9. cxd5 Nxd5 10. Nf5 Nc7 11. e4 d5 12. Nc3 Bf6 13. Bf4 d4 14. e5 dxc3 15. exf6 Qxf6 16. Nd6 cxb2 17. Rb1 Ba6 18. Re1 Nd5 19. Be5 Qd8 20. Rxb2 Nd7 21. Bd4 N7f6 22. Nf5 Re8 23. Rxe8+ Qxe8 24. Bxd5 Nxd5 25. Nxg7 Qe4 26. f3 Qg6 27. f4 Nxf4 28. Qf3 Nh3+ 29. Kg2 Ng5 30. Qa3 Qe4+ 0-1


[Site "https://www.chess.com"]

[Event "Titled Tuesday Blitz October 12 2021"]
[White "Djordjevic, Vuk"]
[Black "Moroni, Luca Jr"]
[WhiteFideId "902098"]
[BlackFideId "865834"]
[WhiteElo "2463"]
[BlackElo "2491"]
[Result "1-0"]
[Round "04"]
[TimeControl "180+1"]
[Date "2021.10.12"]
[WhiteClock "0:00:18"]
[BlackClock "0:00:04"]

1. d4 g6 2. e4 Bg7 3. Nf3 d6 4. Nc3 Nf6 5. Be2 O-O 6. O-O a6 7. a4 Nc6 8. d5 Nb4 9. a5 e6 10. Bc4 exd5 11. exd5 b5 12. Bb3 Bb7 13. Bg5 h6 14. Be3 Re8 15. Qd2 Kh7 16. Rfe1 Qd7 17. Rad1 Re7 18. Bd4 Rae8 19. Rxe7 Rxe7 20. Bxf6 Bxf6 21. Qf4 Bxc3 22. bxc3 Nxd5 23. Bxd5 Bxd5 24. Rxd5 Qc6 25. Qf6 Qxd5 26. Qxe7 c5 27. h4 Kg7 28. Kh2 b4 29. cxb4 cxb4 30. Qe3 Qxa5 31. Qd4+ Kh7 32. Qxd6 Qf5 33. Qxb4 Qxc2 34. Qf4 Kg7 35. Qe5+ Kh7 36. Qf6 Qc7+ 37. Ne5 Kg8 38. f4 a5 39. Nc6 g5 40. hxg5 hxg5 41. Qxg5+ Kf8 42. Nxa5 Qd6 43. Nc4 Qd4 44. Ne5 Qd6 45. Ng4 Qe6 46. Qh6+ Ke7 47. Qxe6+ Kxe6 48. Ne3 1-0


[Site "https://www.chess.com"]

[Event "Titled Tuesday Blitz October 12 2021"]
[White "Guliev, Logman"]
[Black "Gasanov, Eldar"]
[WhiteFideId "13400061"]
[BlackFideId "14104466"]
[WhiteElo "2128"]
[BlackElo "2454"]
[Result "0-1"]
[Round "04"]
[TimeControl "180+1"]
[Date "2021.10.12"]
[WhiteClock "0:00:08"]
[BlackClock "0:00:56"]

1. e4 c5 2. Nf3 Nc6 3. Bb5 Nf6 4. e5 Nd5 5. Nc3 Nc7 6. Bxc6 dxc6 7. O-O Bg4 8. h3 Bh5 9. Ne4 e6 10. Ng3 Bg6 11. d3 c4 12. d4 Be7 13. c3 Nd5 14. Re1 O-O 15. Ne4 h6 16. Bd2 b5 17. b3 Nb6 18. Qc1 Kh7 19. Nh2 Qd5 20. Ng3 cxb3 21. axb3 Qxb3 22. Ng4 Qc2 23. Bxh6 Qxc1 24. Bxc1 a5 25. Ne3 c5 26. f4 Bh4 27. Kh2 cxd4 28. cxd4 Rfd8 29. Rd1 b4 30. f5 Bxg3+ 31. Kxg3 Bxf5 32. Nxf5 exf5 33. d5 Rxd5 34. Be3 Rxd1 35. Rxd1 Nc4 36. Bf4 a4 37. Rd4 a3 38. e6 a2 39. Be5 Nxe5 0-1


[Site "https://www.chess.com"]

[Event "Titled Tuesday Blitz October 12 2021"]
[White "Hansen, Eric"]
[Black "Maksimovic, Bojan"]
[WhiteFideId "2606771"]
[BlackFideId "14408120"]
[WhiteElo "2568"]
[BlackElo "2439"]
[Result "1-0"]
[Round "04"]
[TimeControl "180+1"]
[Date "2021.10.12"]
[WhiteClock "0:00:03"]
[BlackClock "0:00:03"]

1. Nf3 Nf6 2. g3 g6 3. Bg2 Bg7 4. O-O d5 5. c4 c5 6. cxd5 Nxd5 7. Nc3 O-O 8. Qb3 Nb6 9. d3 Be6 10. Qb5 Na6 11. Ng5 Bd7 12. Qa5 Qc8 13. Be3 h6 14. Nge4 c4 15. d4 Bh3 16. Bxh3 Qxh3 17. Rad1 Qf5 18. Nc5 Nxc5 19. dxc5 Bxc3 20. Qxc3 Nd5 21. Rxd5 Qxd5 22. Bxh6 e5 23. Bxf8 Rxf8 24. Rc1 Qxc5 25. Qxc4 Qb6 26. b4 Rd8 27. a3 Rd2 28. Qe4 Qd4 29. Qf3 e4 30. Qg4 Kg7 31. e3 Qd5 32. h4 Ra2 33. Rd1 Qf5 34. Qxf5 gxf5 35. Rd7 Rxa3 36. Rxb7 Kg6 37. Kg2 Ra2 38. Rb5 Rb2 39. h5+ Kxh5 40. Rxf5+ Kg6 41. Rb5 f5 42. g4 fxg4 43. Kg3 Kf6 44. Rb7 Kf5 45. b5 Ke5 46. Rg7 Kf5 47. Rf7+ Ke5 48. Rxa7 Rxb5 49. Kxg4 Rb1 50. Ra5+ Ke6 51. Kf4 Rf1 52. Ra2 Kd5 53. Rd2+ Ke6 54. Kxe4 1-0


[Site "https://www.chess.com"]

[Event "Titled Tuesday Blitz October 12 2021"]
[White "Holt, Conrad"]
[Black "Khademalsharieh, Sarasadat"]
[WhiteFideId "2034387"]
[BlackFideId "12512214"]
[WhiteElo "2586"]
[BlackElo "2431"]
[Result "1-0"]
[Round "04"]
[TimeControl "180+1"]
[Date "2021.10.12"]
[WhiteClock "0:00:02"]
[BlackClock "0:00:08"]

1. d4 Nf6 2. c4 e6 3. Nc3 Bb4 4. Qc2 d5 5. cxd5 exd5 6. Bg5 O-O 7. a3 Be7 8. e3 c6 9. Bd3 Nbd7 10. Nge2 Re8 11. O-O Nf8 12. Rad1 a5 13. f3 h6 14. Bh4 b6 15. e4 dxe4 16. fxe4 Ng4 17. Bxe7 Qxe7 18. Rf3 Qg5 19. Qc1 Ne6 20. e5 Qxc1 21. Rxc1 c5 22. h3 cxd4 23. hxg4 dxc3 24. Nxc3 Nd4 25. Rf4 Rd8 26. Rd1 Be6 27. Rxd4 Rxd4 28. Bh7+ Kxh7 29. Rxd4 Rc8 30. Kf2 Rc5 31. Re4 Kg6 32. Ke3 Kg5 33. Kf3 Rxc3+ 34. bxc3 Bd5 35. c4 Bxe4+ 36. Kxe4 Kxg4 37. Kd5 h5 38. Kc6 Kg3 39. Kxb6 Kxg2 40. c5 h4 41. c6 h3 42. c7 h2 43. c8=Q h1=Q 44. Qg4+ Kf2 45. Qxg7 Qd5 46. Qf6+ Ke3 47. Qd6 Qb3+ 48. Kxa5 Qc3+ 49. Kb5 Qb3+ 50. Kc6 Qa4+ 51. Kc7 Qa7+ 52. Kd8 Qa8+ 53. Ke7 Qa7+ 54. Kf6 Ke4 55. Qc6+ Kd4 56. Qd6+ Ke4 57. Qe7 Qa4 58. Kxf7 Qb3+ 59. e6 Qd1 60. Qf6 Qh5+ 61. Qg6+ Qf5+ 62. Qxf5+ Kxf5 63. e7 1-0


[Site "https://www.chess.com"]

[Event "Titled Tuesday Blitz October 12 2021"]
[White "Indjic, Aleksandar"]
[Black "Ghimpu, Samuel-Timotei"]
[WhiteFideId "911925"]
[BlackFideId "1238175"]
[WhiteElo "2643"]
[BlackElo "2012"]
[Result "1-0"]
[Round "04"]
[TimeControl "180+1"]
[Date "2021.10.12"]
[WhiteClock "0:00:20"]
[BlackClock "0:00:09"]

1. e4 e6 2. d4 d5 3. Nc3 Nf6 4. e5 Nfd7 5. Nce2 c5 6. c3 Nc6 7. Nf3 Be7 8. Nf4 Qb6 9. a3 cxd4 10. cxd4 g5 11. Ne2 g4 12. Nfg1 Ndxe5 13. dxe5 Bc5 14. Be3 Bxe3 15. fxe3 Qxe3 16. Qd2 Qxe5 17. O-O-O Bd7 18. Kb1 O-O-O 19. Nf4 Kb8 20. Bb5 Qd6 21. Nge2 a6 22. Ba4 f6 23. Rhe1 Ne7 24. Bb3 Bc6 25. Nd4 e5 26. Nxc6+ bxc6 27. Nd3 c5 28. Nf2 h5 29. Qa5 Ka7 30. Ne4 Qb6 31. Qxb6+ Kxb6 32. Nxf6 c4 33. Ba4 e4 34. Re2 Rh6 35. Nxe4 Re6 36. Nc3 Rxe2 37. Nxe2 Nf5 38. Rf1 Ne3 39. Rf6+ Ka5 40. Nd4 Rh8 41. Bc6 Kb6 42. g3 Kc5 43. Ne2 h4 44. Ba4 hxg3 45. Rc6# 1-0


[Site "https://www.chess.com"]

[Event "Titled Tuesday Blitz October 12 2021"]
[White "Ismagilov, Damir"]
[Black "Siva Mahadevan"]
[WhiteFideId "34199982"]
[BlackFideId "25043153"]
[WhiteElo "2034"]
[BlackElo "2203"]
[Result "0-1"]
[Round "04"]
[TimeControl "180+1"]
[Date "2021.10.12"]
[WhiteClock "0:00:18"]
[BlackClock "0:00:45"]

1. c4 Nf6 2. Nc3 g6 3. f4 d6 4. Nf3 Bg7 5. e3 O-O 6. Be2 Nc6 7. d4 e5 8. d5 Ne7 9. fxe5 dxe5 10. e4 Nh5 11. O-O h6 12. Be3 Nf4 13. Bxf4 exf4 14. e5 Nf5 15. Qd2 Ne3 16. Rf2 g5 17. h3 Re8 18. Nd1 Bxe5 19. Nxe5 Rxe5 20. Bd3 Qe7 21. Nc3 Bd7 22. Re1 Re8 23. Bb1 Nxc4 24. Rxe5 Qxe5 25. Qd3 Qe1+ 26. Kh2 Qxf2 27. Qh7+ Kf8 28. Qxh6+ Ke7 29. Ne4 Qxb2 30. Qxg5+ f6 31. Qg7+ Kd8 32. Nxf6 Re7 33. Qf8+ Be8 34. Bg6 f3 35. Kg3 Qxg2+ 36. Kf4 Qxg6 37. Nxe8 Rxe8 38. Qf5 Qxf5+ 39. Kxf5 f2 0-1


[Site "https://www.chess.com"]